 Dungeon Crawl Stone Soup version 0.29-a0-1008-g949cc1d0fb (webtiles) character file.

Game seed: 15309369541758745031

35 wilfster70 the Shooter (level 3, -1/21 HPs)
             Began as a Deep Elf Hunter on Aug 7, 2022.
             Slain by a worm (8 damage)
             ... on level 2 of the Dungeon.
             The game lasted 00:02:23 (759 turns).

wilfster70 the Shooter (Deep Elf Hunter)             Turns: 759, Time: 00:02:24

Health: -1/21      AC:  4    Str:  8    XL:     3   Next: 16%
Magic:  5/5        EV: 12    Int: 15    God:
Gold:   59         SH:  0    Dex: 18    Spells: 2/2 levels left

rFire   . . .      SeeInvis .   a - +0 shortbow
rCold   . . .      Faith    .   (shield currently unavailable)
rNeg    . . .      Spirit   .   c - +1 leather armour
rPois   .          Reflect  .   (no helmet)
rElec   .          Harm     .   (no cloak)
rCorr   +          Rampage  .   (no gloves)
Will    .....                   (no boots)
Stlth   ++........              (no amulet)
HPRegen 0.07/turn               e - ring of resist corrosion
MPRegen 0.09/turn               (no ring)

@: no status effects
A: no striking features
a: no special abilities


You were on level 2 of the Dungeon.
You visited 1 branch of the dungeon, and saw 2 of its levels.

You collected 59 gold pieces.

Inventory:

Hand Weapons
 a - a +0 shortbow (weapon)
Armour
 c - a +1 leather armour (worn)
Jewellery
 e - a ring of resist corrosion (left hand)
Scrolls
 b - a scroll of immolation
 d - a scroll of enchant armour
 h - a scroll of teleportation {unknown}
Potions
 f - 2 potions of haste {unknown}
 g - a potion of heal wounds


   Skills:
 + Level 2.0 Fighting
 * Level 6.1 Ranged Weapons
 - Level 2.4 Dodging
 + Level 2.2 Stealth


You had 2 spell levels left.
You didn't know any spells.
Your spell library was empty.

Dungeon Overview and Level Annotations

Branches:
Dungeon (2/15)

Altars:

Shops:
D:1 (


Message History

You shoot an arrow. The arrow hits the adder!
The adder hisses angrily.
The adder is severely wounded.
You shoot an arrow. The arrow misses the adder.
The adder misses you. The adder bites you but does no damage.
You shoot an arrow. The arrow closely misses the adder.
The adder bites you but does no damage.
You shoot an arrow. The arrow hits the adder.
You kill the adder!
Your Fighting skill increases to level 2!
Your Ranged Weapons skill increases to level 6!
You have reached level 3!
Your experience leads to an increase in your attributes!
Increase (S)trength, (I)ntelligence, or (D)exterity?
You feel clever. x2
A bat comes into view.
You shoot an arrow. The arrow hits the bat.
The bat is severely wounded.
The bat hits you but does no damage.
You shoot an arrow. The arrow hits the bat!
You kill the bat!
No target in view!
A worm comes into view.
You shoot an arrow. The arrow hits the worm.
The worm is lightly wounded.
You hear a shout! x2
A dart slug comes into view.
You shoot an arrow. The arrow hits the worm.
The worm is moderately wounded.
A quokka comes into view.
A hobgoblin comes into view. x2
The worm closely misses you.
You shoot an arrow. The arrow hits the worm!
The worm is severely wounded.
The quokka completely misses you. The hobgoblin hits you.
You shoot an arrow. The arrow barely misses the worm.
The quokka closely misses you. The hobgoblin barely misses you.
The worm bites you! The quokka bites you.
A kobold comes into view. It is wielding a +0 short sword.
The hobgoblin hits you. The worm bites you!
You die...

### #.#.# #.# #.#.#
#.# #.#.#
#############.###.#.#
...................#.#
.........##########.#
#...................#
#.......######.######
#..####.# #.g@#.#
#.......# #..#rw#
#.....#.# #.K###.w#
#.##..#.##..# #g.#
#<....#.#..# #..#
#.....#.#.# #.#
#.###.#.#. .#
#.....#.# # #######.#


You could see a worm, a dart slug, a quokka, 2 hobgoblins and a kobold.

Vanquished Creatures
  An adder (D:2)
  3 ball pythons (D:1)
  6 bats
  An endoplasm (D:1)
  3 hobgoblins (D:1)
  4 jackals (D:1)
  A quokka (D:1)
  A goblin (D:1)
  2 kobolds (D:1)
  2 rats (D:1)
24 creatures vanquished.

Notes
Turn   | Place    | Note
-------+----------+-------------------------------------------
     0 | D:1      | wilfster70 the Deep Elf Hunter began the quest for the Orb.
     0 | D:1      | Reached XP level 1. HP: 12/12 MP: 3/3
   176 | D:1      | Found Mopn's Weapon Emporium.
   198 | D:1      | Found a faded altar of an unknown god.
   228 | D:1      | Reached XP level 2. HP: 17/17 MP: 4/4
   712 | D:2      | Reached skill level 6 in Ranged Weapons
   712 | D:2      | Reached XP level 3. HP: 21/21 MP: 5/5
   759 | D:2      | Slain by a worm

Illustrated notes

Levels and vault maps discovered:
D:1:      spicycebolla_arrival_xxxplode, layout_basic, serial_shops, shop,
          chequers_ecumenical_altar_island
D:2:      minmay_diamond_boxcup, layout_basic, uniq_terence

Skill      XL: |  1  2 |
---------------+-------+-----
Stealth        | 2 |  2.2
Fighting       | 2 |  2.0
Ranged Weapons | 6 |  6.1
Dodging        | |  2.4

Action                   || total
-------------------------++-------
 Fire: Shortbow          ||    64
  Use: Scroll            ||     4
Armor: Leather armour    ||     9
Dodge: Dodged            ||    19

Table legend: (Time is in decaauts)
 A = Elapsed time spent in this place.
 B = Non-inter-level travel time spent in this place.
 C = Inter-level travel time spent in this place.
 D = Time resting spent in this place.
 E = Time spent auto-exploring this place.
 F = Levels seen in this place.
 G = Mean time per level.
                   A        B        C        D        E       F      G
               +--------+--------+--------+--------+--------+-----+--------+
         Total |    779 |    767 |     12 |    146 |    352 |   2 |  389.5 |
       Dungeon |    779 |    767 |     12 |    146 |    352 |   2 |  389.5 |
               +--------+--------+--------+--------+--------+-----+--------+

Top non-repeatable levels by time:
     D:1: 711 daAuts
     D:2: 68 daAuts
